[Event "FIDE World Rapid Chess Championship 2021"]
[White "Indjic, Aleksandar"]
[Black "Onyshchuk, Volodymyr"]
[WhiteFideId "911925"]
[BlackFideId "14114038"]
[WhiteElo "2544"]
[BlackElo "2687"]
[Result "0-1"]
[Round "08"]
[TimeControl "900+10"]
[Date "2021.12.27"]
[WhiteClock "0:00:09"]
[BlackClock "0:06:05"]

1. c4 d6 2. Nc3 g6 3. g3 Bg7 4. Bg2 Nf6 5. d4 O-O 6. Nf3 Nc6 7. O-O e5 8. dxe5 dxe5 9. Bg5 h6 10. Qxd8 Rxd8 11. Bxf6 Bxf6 12. Nd5 Kg7 13. Nxc7 Rb8 14. Nd5 e4 15. Nd2 e3 16. fxe3 Bxb2 17. Rab1 Ba3 18. Nb3 Ne5 19. Nd2 b6 20. Rb3 Bf8 21. Rc1 Be6 22. e4 Rbc8 23. Kf1 Rc5 24. Rb5 Nxc4 25. Rxc5 Nxd2+ 26. Ke1 Bxc5 27. Kxd2 f5 28. Bh3 Bf7 29. Ke1 fxe4 30. Nc3 Rd4 31. Nb5 Ra4 32. Kf1 a6 33. Nc7 Kf6 34. Bc8 Bc4 35. Rc2 Ke5 36. Kg2 Kd6 37. Ne8+ Kc6 38. Nf6 b5 39. Nxe4 0-1


[Site "http://www.Chess.com"]

[Event "FIDE World Rapid Chess Championship 2021"]
[White "Najer, Evgeniy"]
[Black "Saric, Ivan"]
[WhiteFideId "4118987"]
[BlackFideId "14508150"]
[WhiteElo "2565"]
[BlackElo "2684"]
[Result "1/2-1/2"]
[Round "08"]
[TimeControl "900+10"]
[Date "2021.12.27"]
[WhiteClock "0:00:14"]
[BlackClock "0:00:13"]

1. e4 c5 2. Nf3 d6 3. d4 cxd4 4. Nxd4 Nf6 5. Nc3 a6 6. Be2 e5 7. Nb3 Be7 8. Be3 Be6 9. Nd5 Nbd7 10. Qd3 Bxd5 11. exd5 Rc8 12. O-O-O Nb6 13. Kb1 Nc4 14. Bc1 h5 15. h3 h4 16. g4 Nd7 17. Qe4 b5 18. f4 exf4 19. Nd4 Nce5 20. Bxf4 O-O 21. Nc6 Qe8 22. Bxe5 dxe5 23. d6 Bg5 24. Bf3 Qe6 25. Rhe1 Rfe8 26. a3 g6 27. Qb4 Kg7 28. Nxe5 Nxe5 29. d7 Qxd7 30. Rxd7 Nxd7 31. Rxe8 Rxe8 32. Qd6 Re3 33. Bd5 Nf6 34. Bb3 Rxh3 35. Qxa6 Rxb3 36. cxb3 h3 37. Qd6 Nxg4 38. Qd4+ Nf6 39. Qe5 Bd2 40. Qh2 Ne4 41. Qxh3 f5 42. b4 Kf6 43. Qd3 g5 44. Qxb5 g4 45. Qc6+ Kg5 46. Qd5 g3 47. b5 Kf4 48. b6 g2 49. Qg8 Kf3 50. b7 Bf4 51. Ka2 Kf2 52. b8=Q Bxb8 53. Qxb8 g1=Q 54. Qf4+ Ke2 55. Qxf5 Qd4 56. Qg4+ Kd2 57. Qf4+ Kc2 58. Qc7+ Kd1 59. Qf7 Nd2 60. Qh5+ Kc1 61. Qh1+ Kc2 62. Qh7+ Ne4 1/2-1/2


[Site "http://www.Chess.com"]

[Event "FIDE World Rapid Chess Championship 2021"]
[White "Shevchenko, Kirill"]
[Black "Paravyan, David"]
[WhiteFideId "14129574"]
[BlackFideId "4194985"]
[WhiteElo "2508"]
[BlackElo "2671"]
[Result "1-0"]
[Round "08"]
[TimeControl "900+10"]
[Date "2021.12.27"]
[WhiteClock "0:00:14"]
[BlackClock "0:00:00"]

1. e4 e5 2. Nf3 Nc6 3. Bb5 Nf6 4. d3 Bc5 5. Bxc6 dxc6 6. O-O Qe7 7. Nbd2 Bg4 8. c3 Rd8 9. b4 Bb6 10. Qc2 O-O 11. h3 Bh5 12. a4 a6 13. Ba3 Rfe8 14. c4 c5 15. Rfb1 Nd7 16. a5 Ba7 17. b5 Qd6 18. Rb3 Nf8 19. Bb2 f6 20. Nh4 Rd7 21. Nf5 Qe6 22. Nf1 Red8 23. N1e3 Qf7 24. bxa6 bxa6 25. Nd5 c6 26. Nb6 Rb7 27. Bc1 Ne6 28. Be3 Bg6 29. Rab1 h6 30. Nc8 Rbd7 31. Nb6 Rc7 32. g3 Kh7 33. Kg2 Bh5 34. Na4 Rcd7 35. Nb6 Rc7 36. R1b2 Qf8 37. Na4 Qf7 38. Qb1 Rdd7 39. Nb6 Rd8 40. Na4 Rdd7 41. Qc1 Bg6 42. Nh4 f5 43. Nxg6 Qxg6 44. exf5 Qxf5 45. Qd1 e4 46. Nb6 Rxd3 47. Rxd3 exd3 48. Qf3 Qg6 49. h4 h5 50. Kh2 Bb8 51. Na4 Rf7 52. Qxc6 Be5 53. Rb6 d2 54. Qd5 Qc2 55. Nb2 Bxb2 56. Qxh5+ Kg8 57. Rd6 Bd4 58. Rxe6 d1=Q 1-0


[Site "http://www.Chess.com"]

[Event "FIDE World Rapid Chess Championship 2021"]
[White "Mitrabha, Guha"]
[Black "Predke, Alexandr"]
[WhiteFideId "5057000"]
[BlackFideId "24107581"]
[WhiteElo "2107"]
[BlackElo "2630"]
[Result "1-0"]
[Round "08"]
[TimeControl "900+10"]
[Date "2021.12.27"]
[WhiteClock "0:09:04"]
[BlackClock "0:00:31"]

1. d4 d5 2. c4 e6 3. Nf3 Nf6 4. g3 Be7 5. Bg2 O-O 6. O-O Nbd7 7. Qd3 a6 8. Nbd2 b6 9. e4 dxe4 10. Nxe4 Bb7 11. Nc3 b5 12. b3 c5 13. cxb5 axb5 14. Nxb5 Nd5 15. a4 Nb4 16. Qe2 Bd5 17. Rb1 Rc8 18. dxc5 Nxc5 19. Rd1 Nxb3 20. Ba3 Rc2 21. Qe1 Bc5 22. Nfd4 Nxd4 23. Nxd4 Bxd4 24. Rxd4 Nc6 25. Rxd5 exd5 26. Qd1 Rc3 27. Bxf8 Kxf8 28. Qxd5 Qf6 29. Be4 Qe7 30. Qxc6 Rxc6 31. Rb8+ 1-0


[Site "http://www.Chess.com"]

[Event "FIDE World Rapid Chess Championship 2021"]
[White "Amin, Bassem"]
[Black "Erdos, Viktor"]
[WhiteFideId "10601457"]
[BlackFideId "719978"]
[WhiteElo "2614"]
[BlackElo "2601"]
[Result "1-0"]
[Round "08"]
[TimeControl "900+10"]
[Date "2021.12.27"]
[WhiteClock "0:01:03"]
[BlackClock "0:00:09"]

1. Nf3 d5 2. g3 g6 3. Bg2 Bg7 4. O-O e5 5. d3 Ne7 6. c4 c6 7. e4 dxe4 8. dxe4 Qxd1 9. Rxd1 Bg4 10. h3 Bxf3 11. Bxf3 Nd7 12. Be3 h5 13. g4 hxg4 14. hxg4 Nf8 15. Kg2 Ne6 16. g5 Nd4 17. Na3 O-O-O 18. Bg4+ Kc7 19. c5 Rh4 20. Kg3 Rdh8 21. Bxd4 exd4 22. Nc2 Be5+ 23. f4 Nf5+ 24. exf5 gxf5 25. Bf3 Rxf4 26. Ne1 Rg4+ 27. Kf2 Rxg5 28. Ng2 Rh2 29. Rh1 Rxh1 30. Rxh1 d3 31. Ke3 f4+ 32. Kxd3 Bxb2 33. Rh5 Rxh5 34. Bxh5 Ba3 35. Kc4 b5+ 36. cxb6+ axb6 37. Nxf4 Bd6 38. Ne2 b5+ 39. Kd3 f6 40. Nd4 Be5 41. Ke4 1-0


[Site "http://www.Chess.com"]

[Event "FIDE World Rapid Chess Championship 2021"]
[White "Hovhannisyan, Robert"]
[Black "Maghsoodloo, Parham"]
[WhiteFideId "13302507"]
[BlackFideId "12539929"]
[WhiteElo "2613"]
[BlackElo "2512"]
[Result "1-0"]
[Round "08"]
[TimeControl "900+10"]
[Date "2021.12.27"]
[WhiteClock "0:00:18"]
[BlackClock "0:00:42"]

1. e4 c5 2. Nf3 Nc6 3. d4 cxd4 4. Nxd4 e5 5. Nb5 d6 6. N1c3 a6 7. Na3 Be6 8. Nc4 b5 9. Ne3 Nf6 10. Bd3 g6 11. a4 b4 12. Ncd5 Bg7 13. Bd2 a5 14. Bb5 Rc8 15. Nxf6+ Bxf6 16. c3 bxc3 17. Bxc3 O-O 18. Qd2 Nd4 19. Rd1 Bb3 20. Bxa5 Qe7 21. O-O Bg5 22. Rc1 Bf4 23. Rxc8 Rxc8 24. Rc1 Rc2 25. Rxc2 Bxc2 26. Bc3 Qh4 27. h3 Bxe4 28. Bxd4 exd4 29. Qxd4 Be5 30. Qc4 h5 31. Bc6 d5 32. Bxd5 1-0


[Site "http://www.Chess.com"]

[Event "FIDE World Rapid Chess Championship 2021"]
[White "Vachier-Lagrave, Maxime"]
[Black "Suleymanli, Aydin"]
[WhiteFideId "623539"]
[BlackFideId "13413937"]
[WhiteElo "2773"]
[BlackElo "2202"]
[Result "1-0"]
[Round "08"]
[TimeControl "900+10"]
[Date "2021.12.27"]
[WhiteClock "0:10:39"]
[BlackClock "0:03:50"]

1. e4 c6 2. Nf3 d5 3. d3 dxe4 4. dxe4 Qxd1+ 5. Kxd1 Nd7 6. a4 Nc5 7. Nfd2 e5 8. b4 Ne6 9. c3 a5 10. bxa5 Nc5 11. Ba3 Be6 12. Bb4 Nb3 13. Nxb3 Bxb3+ 14. Kc1 c5 15. Bb5+ Kd8 16. Ba3 Rxa5 17. c4 Bxa4 18. Bb2 Bxb5 19. Rxa5 Ba6 20. Bxe5 Kd7 21. Rd1+ Ke6 22. f4 f6 23. Bc7 Ne7 24. Rxc5 Nc6 25. f5+ Kf7 26. Bd6 Bxd6 27. Rxd6 Re8 28. Nc3 Ne5 29. Rc7+ Re7 30. Rxe7+ Kxe7 31. c5 Nd3+ 32. Rxd3 Bxd3 33. Kd2 Bf1 34. g3 Kd7 35. Ke3 Kc6 36. Kd4 b6 37. cxb6 Kxb6 38. Nd5+ Kc6 39. Nf4 1-0


[Site "http://www.Chess.com"]

[Event "FIDE World Rapid Chess Championship 2021"]
[White "Ghaem Maghami, Ehsan"]
[Black "Karjakin, Sergey"]
[WhiteFideId "12500739"]
[BlackFideId "14109603"]
[WhiteElo "2553"]
[BlackElo "2757"]
[Result "0-1"]
[Round "08"]
[TimeControl "900+10"]
[Date "2021.12.27"]
[WhiteClock "0:00:40"]
[BlackClock "0:07:29"]

1. d4 Nf6 2. c4 e6 3. Nf3 b6 4. a3 Bb7 5. Nc3 d5 6. Bg5 Be7 7. e3 O-O 8. Be2 h6 9. Bh4 Nbd7 10. O-O c5 11. cxd5 Nxd5 12. Bxe7 Qxe7 13. Rc1 Rfd8 14. Nxd5 Bxd5 15. Qc2 cxd4 16. Nxd4 Ne5 17. f4 Nd7 18. Bf3 Bxf3 19. Rxf3 Qe8 20. Rff1 Nf6 21. Qc6 Rd7 22. Nf3 Rd3 23. Qxe8+ Rxe8 24. Rfe1 Red8 25. Rc2 Ne4 26. Kf1 g5 27. Ke2 R3d5 28. Rec1 Nc5 29. Rd2 Nb3 30. Rcd1 Nxd2 31. Rxd2 Rxd2+ 32. Nxd2 f6 33. Ne4 Kf7 34. Nc3 a6 35. Na4 Rd6 36. Nc3 f5 37. g3 Kf6 38. Nb1 e5 39. fxe5+ Kxe5 40. Nd2 b5 41. Nb3 f4 42. gxf4+ gxf4 43. Nc5 fxe3 44. Kxe3 Kd5 45. Nb3 Rg6 0-1


[Site "http://www.Chess.com"]

[Event "FIDE World Rapid Chess Championship 2021"]
[White "Pichot, Alan"]
[Black "Aronian, Levon"]
[WhiteFideId "110973"]
[BlackFideId "13300474"]
[WhiteElo "2523"]
[BlackElo "2728"]
[Result "0-1"]
[Round "08"]
[TimeControl "900+10"]
[Date "2021.12.27"]
[WhiteClock "0:03:23"]
[BlackClock "0:08:08"]

1. e4 e5 2. Nf3 Nc6 3. Bb5 a6 4. Ba4 Nf6 5. d3 Bc5 6. c3 b5 7. Bb3 d6 8. Bg5 h6 9. Bh4 Bb6 10. a4 Rb8 11. axb5 axb5 12. O-O g5 13. Bg3 Ne7 14. d4 Nxe4 15. dxe5 Nxg3 16. hxg3 O-O 17. exd6 Qxd6 18. Qxd6 cxd6 19. Nbd2 Nf5 20. Ne4 Kg7 21. Rfd1 Re8 22. Bd5 Be6 23. Bxe6 Rxe6 24. Rd5 Ne7 25. Rxd6 Rxe4 26. Ra6 Re6 27. Rxe6 fxe6 28. Ne5 Nd5 29. Kf1 Nc7 30. Ra1 Rf8 31. f3 Ra8 32. Rxa8 Nxa8 33. g4 Nc7 34. Ke2 Nd5 35. Kd3 Kf6 36. Nd7+ Ke7 37. Ne5 Nf4+ 38. Ke4 Nxg2 39. c4 bxc4 40. Nxc4 Bc5 41. Ne5 Nf4 42. Nc4 Nd5 43. Ne5 Bd6 44. Nc4 Kd7 45. Kd4 Kc6 46. Nd2 Nf6 47. Nc4 Nd7 48. Ke4 Kc5 49. Ne3 Nf6+ 50. Kd3 Nd5 51. Nc4 Nb4+ 52. Kc3 Bg3 0-1


[Site "http://www.Chess.com"]

[Event "FIDE World Rapid Chess Championship 2021"]
[White "Sarana, Alexey"]
[Black "Parligras, Mircea-Emilian"]
[WhiteFideId "24133795"]
[BlackFideId "1204297"]
[WhiteElo "2680"]
[BlackElo "2550"]
[Result "1/2-1/2"]
[Round "08"]
[TimeControl "900+10"]
[Date "2021.12.27"]
[WhiteClock "0:00:50"]
[BlackClock "0:00:43"]

1. d4 Nf6 2. c4 e6 3. Nc3 Bb4 4. e3 O-O 5. Bd3 d5 6. a3 Bxc3+ 7. bxc3 dxc4 8. Bxc4 c5 9. Ne2 Qc7 10. Bd3 b6 11. e4 Ba6 12. Bxa6 Nxa6 13. Qd3 Nb8 14. O-O Nbd7 15. Bg5 cxd4 16. cxd4 Rac8 17. f3 h6 18. Bh4 Qc2 19. Qe3 Qa4 20. Rfb1 Rc4 21. Be1 Rfc8 22. Nc3 Qc6 23. Nb5 Ra8 24. a4 a6 25. Nc3 Rc8 26. Rb3 Qc7 27. Ne2 Qc6 28. Rc3 Rxc3 29. Qxc3 Qxc3 30. Bxc3 Rc4 31. Kf2 Kf8 32. Ke3 Ke8 33. Kd3 Rc6 34. g4 Kd8 35. h4 Ne8 36. h5 f6 37. Bb4 e5 38. f4 Nd6 39. fxe5 fxe5 40. d5 Nc5+ 41. Bxc5 Rxc5 42. Ng3 b5 43. axb5 axb5 44. Nf5 Nxf5 45. gxf5 b4 46. Ra8+ Ke7 47. Ra7+ Kf6 48. Ra6+ Kf7 49. Rc6 Rb5 50. Rc7+ Kf6 51. Rc6+ Kf7 52. Rc1 b3 53. Kc4 b2 54. Rb1 Rb8 55. Kc3 Rc8+ 56. Kb3 Rb8+ 57. Ka3 Ra8+ 58. Kb4 Rb8+ 59. Ka3 Ra8+ 60. Kxb2 Ra4 61. Re1 Rd4 62. Kc2 Kf8 63. Re3 Kf7 64. Kc3 Kf8 65. d6 Rxd6 66. Rd3 Rc6+ 67. Kd2 Kf7 68. Rd5 Kf6 69. Ra5 Rc4 70. Ra6+ Kf7 71. Kd3 Rc5 72. Re6 Kf8 73. Rd6 Kf7 74. Re6 Kf8 75. f6 Kf7 76. fxg7 Kxg7 77. Rg6+ Kh7 78. Rd6 Kg7 79. Re6 Kh7 80. Rg6 Rc1 81. Re6 Rc5 82. Re7+ Kg8 83. Rd7 Kf8 84. Ra7 Kg8 85. Rd7 Kf8 86. Ke2 Rc2+ 87. Kf3 Rh2 88. Kg4 Rf2 89. Rd6 Rf4+ 90. Kg3 Rxe4 1/2-1/2


[Site "http://www.Chess.com"]

[Event "FIDE World Rapid Chess Championship 2021"]
[White "Svane, Rasmus"]
[Black "Bartel, Mateusz"]
[WhiteFideId "4657101"]
[BlackFideId "1112635"]
[WhiteElo "2677"]
[BlackElo "2543"]
[Result "1-0"]
[Round "08"]
[TimeControl "900+10"]
[Date "2021.12.27"]
[WhiteClock "0:00:51"]
[BlackClock "0:00:50"]

1. Nf3 d5 2. g3 Nd7 3. d4 Nb6 4. Nc3 Nf6 5. a4 a5 6. Bg2 Bf5 7. Nh4 Bg6 8. Nxg6 hxg6 9. e4 dxe4 10. Nxe4 Nxe4 11. Bxe4 c6 12. c3 e6 13. h4 Nd5 14. Kf1 Bd6 15. Kg2 Qc7 16. Bg5 Be7 17. Bxd5 cxd5 18. Bxe7 Qxe7 19. Ra3 O-O 20. Rb3 Rfc8 21. Rb5 Rc7 22. Qd3 Qf6 23. Ra1 Qf5 24. Qe2 g5 25. hxg5 Qxg5 26. Ra3 Qe7 27. Rab3 Qd7 28. Qe5 f6 29. Qh5 Ra6 30. Qg6 Ra7 31. Ra3 Qf7 32. Qd3 g5 33. Ra1 Qh7 34. Qe2 Ra6 35. Rh1 Qg6 36. Re1 Qf7 37. Rxb7 Rxb7 38. Qxa6 Rxb2 39. Rxe6 Kg7 40. Qd6 Rb7 41. Qxd5 Rd7 42. Qf5 Rc7 43. Re3 Qc4 44. Qxa5 Rb7 45. Qc5 Qxc5 46. dxc5 Rc7 47. c4 Rxc5 48. Ra3 Rxc4 49. a5 Rc7 50. a6 Ra7 51. Kf3 f5 52. Ke3 Kf6 53. Kd4 1-0


[Site "http://www.Chess.com"]

[Event "FIDE World Rapid Chess Championship 2021"]
[White "Matlakov, Maxim"]
[Black "Demidov, Mikhail"]
[WhiteFideId "4168003"]
[BlackFideId "4197143"]
[WhiteElo "2652"]
[BlackElo "2544"]
[Result "1-0"]
[Round "08"]
[TimeControl "900+10"]
[Date "2021.12.27"]
[WhiteClock "0:01:14"]
[BlackClock "0:00:25"]

1. d4 e6 2. Nf3 Nf6 3. c4 Bb4+ 4. Nbd2 O-O 5. a3 Bxd2+ 6. Qxd2 Qe7 7. e3 d6 8. b4 a5 9. Bb2 axb4 10. axb4 Rxa1+ 11. Bxa1 b6 12. Be2 Bb7 13. O-O Nbd7 14. Bb2 Ra8 15. Ra1 Qd8 16. Qd1 Rxa1 17. Qxa1 Qa8 18. Qxa8+ Bxa8 19. Nd2 Kf8 20. f3 c5 21. dxc5 bxc5 22. b5 Nb6 23. Kf2 Nfd7 24. g4 f6 25. h4 h6 26. f4 Ke7 27. Bd3 d5 28. cxd5 exd5 29. h5 Na4 30. Ba1 Bb7 31. Nf1 Bc8 32. Ng3 Ndb6 33. g5 Bd7 34. Bc2 Kf7 35. gxh6 gxh6 36. Kf3 Kg7 37. Kf2 Kf7 38. Bf5 Kg7 39. Bxd7 Nxd7 40. Nf5+ Kh7 41. Ke2 Nab6 42. Bc3 Nc8 43. Ba5 Kh8 44. Bc7 Kh7 45. Kd3 Na7 46. b6 Nb5 47. Kc2 c4 48. Bd8 Nc5 49. Bxf6 Na3+ 50. Kb2 Nb5 51. Kc2 Na3+ 52. Kc3 Ne4+ 53. Kb2 Nxf6 54. Kxa3 Nd7 55. b7 Nb8 56. Ne7 Kg7 57. Nxd5 Kf7 58. Kb4 Ke6 59. Kxc4 Kf5 60. Kc5 Kg4 61. Kd6 Kxh5 62. f5 Kg5 63. f6 Kg6 64. Ke7 Nc6+ 65. Ke8 1-0


[Site "http://www.Chess.com"]

[Event "FIDE World Rapid Chess Championship 2021"]
[White "Sjugirov, Sanan"]
[Black "Sanal, Vahap"]
[WhiteFideId "4189302"]
[BlackFideId "6300545"]
[WhiteElo "2634"]
[BlackElo "2509"]
[Result "0-1"]
[Round "08"]
[TimeControl "900+10"]
[Date "2021.12.27"]
[WhiteClock "0:00:04"]
[BlackClock "0:03:31"]

1. e4 e5 2. Nf3 Nc6 3. Bc4 Bc5 4. d3 Nf6 5. Nbd2 a6 6. c3 d6 7. Bb3 Ba7 8. h3 h6 9. Nf1 Be6 10. Ng3 d5 11. Qe2 O-O 12. O-O Re8 13. Rd1 Qe7 14. Nh4 Rad8 15. Nhf5 Qf8 16. Qf3 dxe4 17. dxe4 Rxd1+ 18. Bxd1 Rd8 19. Bb3 Nh7 20. Nh5 Bxf5 21. Qxf5 Na5 22. Bc2 Nc4 23. b3 g6 24. Nf6+ Nxf6 25. Qxf6 Rd6 26. Qh4 g5 27. Qg3 Rf6 28. bxc4 Bxf2+ 29. Qxf2 Rxf2 30. Kxf2 Qc5+ 31. Be3 Qa3 32. Rd1 Qxa2 33. Rd2 Qxc4 34. Bb1 Kg7 35. Ba2 Qxe4 36. Bd5 Qf5+ 37. Ke2 c6 38. Ba2 Qe4 39. Kf2 b5 40. g4 Qh1 41. Kg3 c5 42. Bd5 e4 43. Rg2 Qe1+ 44. Bf2 Qxc3+ 0-1


[Site "http://www.Chess.com"]

[Event "FIDE World Rapid Chess Championship 2021"]
[White "Narayanan.S.L, "]
[Black "Vidit, Santosh Gujrathi"]
[WhiteFideId "5058422"]
[BlackFideId "5029465"]
[WhiteElo "2482"]
[BlackElo "2629"]
[Result "1-0"]
[Round "08"]
[TimeControl "900+10"]
[Date "2021.12.27"]
[WhiteClock "0:00:47"]
[BlackClock "0:00:21"]

1. e4 e5 2. Nf3 Nc6 3. Bc4 Nf6 4. d3 Bc5 5. Nc3 h6 6. O-O O-O 7. a3 a5 8. Be3 Bxe3 9. fxe3 d6 10. d4 Bg4 11. Qd3 Kh8 12. h3 Bh5 13. Nh4 Ng8 14. Nf5 Bg6 15. Rf2 Nce7 16. Nh4 f6 17. Nxg6+ Nxg6 18. Ne2 N8e7 19. Ng3 c6 20. Raf1 Qb6 21. c3 Rad8 22. Qe2 exd4 23. exd4 c5 24. Qe3 cxd4 25. cxd4 Ne5 26. Ba2 Kh7 27. Nh5 N5c6 28. Rd2 Ng6 29. Be6 Kh8 30. Kh1 Nce7 31. Nxf6 Qb5 32. Rdf2 Qg5 33. Qxg5 hxg5 34. Nd5 Rxf2 35. Rxf2 Nxd5 36. Bxd5 b6 37. Rf5 Nf4 38. Rxg5 Kh7 39. Bf7 Rf8 40. Rf5 g5 41. Bc4 Rc8 42. b3 a4 43. Rxg5 axb3 44. Bxb3 Rc3 45. Rb5 Rg3 46. Rxb6 Rxg2 47. a4 Rg3 48. a5 Rxh3+ 49. Kg1 Ne2+ 50. Kg2 Nf4+ 51. Kf2 Nd3+ 52. Kf1 Nc1 53. Bc4 Rc3 54. Rb4 Ra3 55. a6 Ra1 56. Kg2 Kg6 57. Rb7 Na2 58. e5 dxe5 59. dxe5 Nc3 60. e6 Ne4 61. e7 Nf6 62. Rb6 Re1 63. a7 1-0


[Site "http://www.Chess.com"]

[Event "FIDE World Rapid Chess Championship 2021"]
[White "Howell, David W L"]
[Black "Fridman, Daniel"]
[WhiteFideId "410608"]
[BlackFideId "11600454"]
[WhiteElo "2624"]
[BlackElo "2542"]
[Result "1/2-1/2"]
[Round "08"]
[TimeControl "900+10"]
[Date "2021.12.27"]
[WhiteClock "0:00:44"]
[BlackClock "0:09:01"]

1. Nf3 d5 2. g3 Nf6 3. Bg2 c5 4. O-O Nc6 5. d4 e6 6. c4 dxc4 7. dxc5 Qxd1 8. Rxd1 Bxc5 9. Nbd2 c3 10. bxc3 O-O 11. Nb3 Be7 12. c4 Bd7 13. Bb2 Rfc8 14. Rac1 Be8 15. Nfd4 a5 16. Nxc6 Bxc6 17. Nd4 Bxg2 18. Kxg2 Rd8 19. Nb5 Rxd1 20. Rxd1 Rc8 21. Ba3 Bxa3 22. Nxa3 Ne4 23. Rb1 Nd6 24. Rd1 Ne4 25. Kf3 Nc5 26. Rb1 Rc6 27. Ke3 Kf8 28. Nb5 Ke7 29. Na7 Rc7 30. Nb5 Rc6 31. Na7 Rc7 32. Nb5 1/2-1/2


[Site "http://www.Chess.com"]

[Event "FIDE World Rapid Chess Championship 2021"]
[White "Dreev, Aleksey"]
[Black "Harsha, Bharathakoti"]
[WhiteFideId "4100107"]
[BlackFideId "5078776"]
[WhiteElo "2621"]
[BlackElo "2484"]
[Result "0-1"]
[Round "08"]
[TimeControl "900+10"]
[Date "2021.12.27"]
[WhiteClock "0:00:43"]
[BlackClock "0:00:38"]

1. d4 Nf6 2. Nf3 g6 3. Nc3 Bg7 4. e4 d6 5. Be3 c6 6. Qd2 Nbd7 7. O-O-O b5 8. e5 b4 9. Ne2 Nd5 10. Bh6 Bxh6 11. Qxh6 Qa5 12. Kb1 dxe5 13. dxe5 Nc5 14. Nfd4 Bd7 15. Nc1 Ne4 16. Bc4 Nxf2 17. e6 fxe6 18. Nd3 Nxh1 19. Rxh1 O-O-O 20. Nb3 Qb6 21. Re1 Kb8 22. Nbc5 Bc8 23. Qg7 a5 24. g3 Rdg8 25. Qe5+ Qc7 26. Qe2 Rd8 27. Ba6 Rd6 28. Bxc8 Qxc8 29. Ne5 Rf8 30. Nc4 Nc7 31. Nxa5 Rf5 32. Nab3 Rfd5 33. Rc1 Ka8 34. a3 Qb8 35. axb4 Qxb4 36. c3 Qb6 37. Qc4 Qb5 38. Qxb5 cxb5 39. Kc2 Rf5 40. Ra1+ Kb8 41. Nd4 Rxc5 0-1


[Site "http://www.Chess.com"]

[Event "FIDE World Rapid Chess Championship 2021"]
[White "Kantor, Gergely"]
[Black "Petrosian, Tigran L."]
[WhiteFideId "751499"]
[BlackFideId "13301616"]
[WhiteElo "2454"]
[BlackElo "2621"]
[Result "0-1"]
[Round "08"]
[TimeControl "900+10"]
[Date "2021.12.27"]
[WhiteClock "0:00:34"]
[BlackClock "0:00:31"]

1. d4 d6 2. e4 g6 3. c4 Bg7 4. Nc3 Nf6 5. Be2 O-O 6. h4 c5 7. d5 h5 8. Bg5 Qa5 9. Qd2 a6 10. a4 b5 11. cxb5 axb5 12. Bxb5 Nbd7 13. Nge2 Ba6 14. Rb1 Bxb5 15. axb5 Qb4 16. f3 Rfb8 17. O-O Ne8 18. Rfd1 Ne5 19. Qc2 Kf8 20. Nc1 Qc4 21. Kh1 Nd7 22. Qe2 Qxe2 23. N1xe2 Nc7 24. b4 Bxc3 25. Nxc3 Nxb5 26. Nxb5 Rxb5 27. bxc5 Rxb1 28. Rxb1 Nxc5 29. Kg1 f6 30. Be3 Nd3 31. Rb3 Ne5 32. Rc3 Ra4 33. Kf2 Kf7 34. Rc7 Nc4 35. Bf4 Ra2+ 36. Kg3 Rc2 37. Bxd6 Ne3 38. Rxe7+ Kg8 39. Re8+ Kf7 40. Rf8+ Kg7 41. Be7 g5 42. hxg5 fxg5 43. f4 Nf1+ 44. Kh3 0-1


[Site "http://www.Chess.com"]

[Event "FIDE World Rapid Chess Championship 2021"]
[White "Santos Latasa, Jaime"]
[Black "Vastrukhin, Oleg"]
[WhiteFideId "2293307"]
[BlackFideId "4192770"]
[WhiteElo "2618"]
[BlackElo "2382"]
[Result "1-0"]
[Round "08"]
[TimeControl "900+10"]
[Date "2021.12.27"]
[WhiteClock "0:07:38"]
[BlackClock "0:01:27"]

1. Nf3 g6 2. e4 Bg7 3. d4 c6 4. Nc3 d5 5. h3 dxe4 6. Nxe4 Nf6 7. Nxf6+ exf6 8. Bd3 O-O 9. O-O a5 10. Re1 Na6 11. c3 Nc7 12. Bd2 a4 13. c4 Ne6 14. Bc3 Qd6 15. Qd2 Rd8 16. Rad1 b6 17. Bf1 Bb7 18. Qc2 Qc7 19. b3 axb3 20. axb3 Rd7 21. Qb2 Rad8 22. d5 cxd5 23. Bxf6 Bxf6 24. Qxf6 Nc5 25. Qh4 Kg7 26. Ne5 Rd6 27. Nxf7 g5 28. Nxg5 Kg8 29. cxd5 h6 30. Ne4 Nxe4 31. Rxe4 Bxd5 32. Red4 1-0


[Site "http://www.Chess.com"]

[Event "FIDE World Rapid Chess Championship 2021"]
[White "Martirosyan, Haik M."]
[Black "Ponkratov, Pavel"]
[WhiteFideId "13306553"]
[BlackFideId "4157800"]
[WhiteElo "2377"]
[BlackElo "2614"]
[Result "0-1"]
[Round "08"]
[TimeControl "900+10"]
[Date "2021.12.27"]
[WhiteClock "0:00:31"]
[BlackClock "0:03:17"]

1. d4 d5 2. c4 dxc4 3. e4 b5 4. a4 c6 5. axb5 cxb5 6. Nc3 Qb6 7. b3 e6 8. bxc4 Bb4 9. Bd2 bxc4 10. Bxc4 Nf6 11. e5 Bxc3 12. Bxc3 Qc6 13. Qd3 Qxg2 14. exf6 Qxh1 15. O-O-O Qxh2 16. fxg7 Rg8 17. d5 e5 18. Re1 Nd7 19. Nf3 Qh6+ 20. Kd1 f6 21. d6 Rxg7 22. Qd5 Rb8 23. Bd3 Qh5 24. Kc2 Qf7 25. Qxf7+ Kxf7 26. Bc4+ Kf8 27. Nd2 Bb7 28. Ra1 Nb6 29. Bd3 Nd5 30. Ba5 Rc8+ 31. Kb2 Rc6 32. Ne4 Bc8 33. Bb5 Rb7 0-1


[Site "http://www.Chess.com"]

[Event "FIDE World Rapid Chess Championship 2021"]
[White "Timofeev, Artyom"]
[Black "Muradli, Mahammad"]
[WhiteFideId "4140419"]
[BlackFideId "13409301"]
[WhiteElo "2591"]
[BlackElo "2285"]
[Result "1-0"]
[Round "08"]
[TimeControl "900+10"]
[Date "2021.12.27"]
[WhiteClock "0:00:18"]
[BlackClock "0:00:12"]

1. d4 d6 2. Nf3 g6 3. e4 Bg7 4. c3 Nc6 5. Be3 Nf6 6. Nbd2 O-O 7. h3 e5 8. dxe5 Nxe5 9. Nxe5 dxe5 10. Be2 b6 11. O-O Bb7 12. Qc2 Qe7 13. a4 a5 14. Rfd1 Rfd8 15. Bf3 Ba6 16. Nf1 Nd7 17. Be2 Bb7 18. Bc4 Nf6 19. Ng3 Qf8 20. f3 h5 21. Bf2 Qe7 22. Nf1 h4 23. Rxd8+ Rxd8 24. Rd1 Rxd1 25. Qxd1 Nh5 26. Qe1 Bf6 27. Ne3 Bg5 28. b4 Ng3 29. Nf1 Nh5 30. bxa5 bxa5 31. Qb1 Bc6 32. Bb5 Bxb5 33. Qxb5 Bc1 34. Ne3 Bxe3 35. Bxe3 Ng3 36. Kh2 Qd8 37. Bf2 Qg5 38. Bd4 Nf1+ 39. Kg1 Qc1 40. Qxf1 1-0


[Site "http://www.Chess.com"]

[Event "FIDE World Rapid Chess Championship 2021"]
[White "Bluebaum, Matthias"]
[Black "Samunenkov, Ihor"]
[WhiteFideId "24651516"]
[BlackFideId "14187086"]
[WhiteElo "2575"]
[BlackElo "2259"]
[Result "1-0"]
[Round "08"]
[TimeControl "900+10"]
[Date "2021.12.27"]
[WhiteClock "0:03:44"]
[BlackClock "0:00:37"]

1. d4 d5 2. c4 e6 3. Nc3 a6 4. cxd5 exd5 5. Nf3 Nf6 6. Bf4 Bd6 7. Bg3 O-O 8. e3 Bf5 9. Qb3 Bxg3 10. hxg3 Qd6 11. Nh4 Bg4 12. Bd3 Nc6 13. Nf3 Nb4 14. Bb1 c5 15. a3 Nc6 16. Nxd5 g6 17. Nxf6+ Qxf6 18. Be4 cxd4 19. Qxb7 Rfc8 20. Bxc6 Rab8 21. Qa7 dxe3 22. O-O Qxc6 23. Ne5 Qe6 24. Qxe3 Rxb2 25. Qd4 Rbc2 26. Nxg4 R2c4 27. Nh6+ Kf8 28. Qh8+ Ke7 29. Qg7 1-0


[Site "http://www.Chess.com"]

[Event "FIDE World Rapid Chess Championship 2021"]
[White "Dudin, Gleb"]
[Black "Socko, Bartosz"]
[WhiteFideId "34184934"]
[BlackFideId "1107038"]
[WhiteElo "2247"]
[BlackElo "2562"]
[Result "1/2-1/2"]
[Round "08"]
[TimeControl "900+10"]
[Date "2021.12.27"]
[WhiteClock "0:00:27"]
[BlackClock "0:01:02"]

1. d4 e6 2. c4 b6 3. a3 Bb7 4. Nc3 Nf6 5. d5 exd5 6. cxd5 c5 7. dxc6 dxc6 8. Qxd8+ Kxd8 9. Bf4 Nbd7 10. O-O-O Bc5 11. e3 Nh5 12. Bg5+ Be7 13. Nf3 f6 14. Bh4 g5 15. Bg3 Nxg3 16. hxg3 Kc7 17. Bd3 h6 18. Nd4 Nf8 19. Nf5 Re8 20. Bc4 Bc5 21. b4 Re5 22. Nxh6 b5 23. Bb3 Bb6 24. Ng4 Rxh1 25. Rxh1 Re7 26. Nxf6 Nd7 27. Nxd7 Rxd7 28. Rh5 Rg7 29. Ne4 g4 30. Nc5 Bc8 31. Kd2 a5 32. Kc3 a4 33. Bc2 Kb8 34. Be4 Rf7 35. f3 Rf6 36. Rg5 Bd8 37. Rg6 Rxg6 38. Bxg6 Bf6+ 39. Kc2 Kc7 40. f4 Bg7 41. Bd3 Kd6 42. Ne4+ Ke7 43. Nf2 Be6 44. Ne4 Bd5 45. Nc5 Bxg2 46. Be4 Bf3 47. Bxf3 gxf3 48. Nd3 Kd6 49. e4 Bd4 50. Kd2 c5 51. e5+ Kd5 52. e6 Kxe6 53. bxc5 Kd5 54. Nb4+ Kxc5 55. Nc2 Kd5 56. Kd3 Bc5 57. g4 f2 58. Ke2 Ke4 59. g5 Kf5 60. Kf1 Kxf4 61. g6 Bf8 62. Nd4 Ke5 63. Nxb5 Kf6 64. Kxf2 Kxg6 65. Nc3 Bxa3 66. Nxa4 1/2-1/2


[Site "http://www.Chess.com"]